 Dungeon Crawl Stone Soup version 0.25-a0-696-g42a9e46d90 (webtiles) character file.

Game seed: 12924610305184705942, levelgen mode: deterministic

53 Mehrunes the Conjurer (level 3, -1/21 HPs)
             Began as a Deep Elf Conjurer on Mar 31, 2020.
             Slain by a giant cockroach (2 damage)
             ... on level 2 of the Dungeon.
             The game lasted 00:04:01 (1688 turns).

Mehrunes the Conjurer (Deep Elf Conjurer)           Turns: 1688, Time: 00:04:02

Health: -1/21      AC:  3    Str:  5    XL:     3   Next: 64%
Magic:  9/9        EV:  7    Int: 20    God:
Gold:   57         SH:  0    Dex: 15    Spells: 5/8 levels left

rFire    . . .     SeeInvis .   (no weapon)
rCold    . . .     Gourm    .   (no shield)
rNeg     . . .     Faith    .   a - +0 robe
rPois    .         Spirit   .   (no helmet)
rElec    .         Reflect  .   b - +0 cloak (curse)
rCorr    .         Harm     .   (no gloves)
MR       .....                  (no boots)
Stlth    ++........             (no amulet)
HPRegen  0.07/turn              (no ring)
MPRegen  0.11/turn              (no ring)

@: held
A: no striking features
a: no special abilities


You were on level 2 of the Dungeon.
You were not hungry.

You visited 1 branch of the dungeon, and saw 2 of its levels.

You collected 57 gold pieces.

Inventory:

Armour
 a - a +0 robe (worn)
 b - a cursed +0 cloak (worn)
Jewellery
 g - an uncursed amulet of the acrobat
Scrolls
 e - 3 scrolls of identify {unknown}
 i - a scroll of enchant armour {unknown}
 k - a scroll of blinking {unknown}
Potions
 d - a potion of haste {unknown}
 f - a potion of might {unknown}
 h - a potion of curing {unknown}
 l - a potion of lignification {unknown}
Comestibles
 c - 4 rations


   Skills:
 + Level 1.8 Fighting
 + Level 3.9 Dodging
 - Level 2.4 Stealth
 - Level 3.0 Spellcasting
 - Level 4.3 Conjurations


You had 5 spell levels left.
You knew the following spells:

 Your Spells              Type           Power        Failure   Level  Hunger
a - Magic Dart            Conj           ###.         2%          1    None
b - Searing Ray           Conj           ###...       3%          2    ##.....

Your spell library contained the following spells:

 Spells                   Type           Power        Failure   Level  Hunger
 Dazzling Flash           Conj/Hex       ##....       17%         3    ###....
 Fulminant Prism          Conj/Hex       ##........   50%         4    ####...
 Iskenderun's Mystic Bla  Conj/Tloc      ##......     50%         4    ####...


Dungeon Overview and Level Annotations

Branches:
Dungeon (2/15)

Altars:


Message History

There is a stone staircase leading down here.
You climb downwards.
A rat and a giant cockroach come into view.
The gnoll hits you from afar with a +0 halberd.
The gnoll barely misses you.
There is a stone staircase leading up, spattered with blood here.
The gnoll throws a throwing net.
The throwing net hits you.
You become entangled in the net!
You stop ascending the stairs.
The rat bites you but does no damage.
The giant cockroach bites you but does no damage.
You struggle against the net.
The gnoll hits you from afar with a +0 halberd.
The rat barely misses you.
The giant cockroach bites you but does no damage.
You struggle against the net.
The gnoll hits you from afar with a +0 spear!
* * * LOW HITPOINT WARNING * * *
The rat closely misses you. The gnoll closely misses you.
The giant cockroach bites you.
You die...

.#### #.
...=###..
#........ .#
#..).....
...####........
#............#
.##...#........
.....g.........
.....g)@r......
.##.(.s###.....
#.... .###
#.... .. ##..#
.. ..# . ...
............
...........


You could see 2 gnolls, a giant cockroach and a rat.

Vanquished Creatures
  A gnoll (D:1)
  2 adders
  A dart slug (D:1)
  A giant cockroach (D:1)
  4 goblins
  4 hobgoblins (D:1)
  2 jackals (D:1)
  2 bats (D:1)
  2 frilled lizards
  3 kobolds
  3 rats
25 creatures vanquished.

Notes
Turn   | Place    | Note
-------+----------+-------------------------------------------
     0 | D:1      | Mehrunes the Deep Elf Conjurer began the quest for the Orb.
     0 | D:1      | Reached XP level 1. HP: 10/10 MP: 6/6
   496 | D:1      | Reached XP level 2. HP: 15/16 MP: 0/8
   840 | D:1      | Reached skill level 1 in Fighting
  1195 | D:2      | Reached XP level 3. HP: 20/20 MP: 7/9
  1201 | D:1      | Learned a level 2 spell: Searing Ray
  1214 | D:2      | Noticed a scorpion
  1688 | D:2      | HP: 1/21 [gnoll/+0 spear (9)]
  1688 | D:2      | Slain by a giant cockroach

Levels and vault maps discovered:
D:1:      ncdulo_smallfort, layout_basic
D:2:      layout_rooms, nicolae_overflow_hidden_temple, lemuel_round_altar

Skill      XL: |  1  2 |
---------------+-------+-----
Dodging        | 3 |  3.9
Fighting       | 1 |  1.8
Stealth        | |  2.4
Spellcasting   | |  3.0
Conjurations   | |  4.3

Action                   || total
-------------------------++-------
 Cast: Magic Dart        ||    54
       Searing Ray       ||     3
  Eat: Chunk             ||     2
Armor: Robe              ||    19
Dodge: Dodged            ||    53

Table legend:
 A = Non-vault XP
 B = Vault XP
 C = Vault XP percentage of total XP
 D = Non-vault monster count
 E = Vault monster count
 F = Vault count percentage of total count
                 A         B        C        D         E       F
            +---------+---------+-------+---------+---------+-------
      Total |      77 |       0 |   0.0 |      25 |       0 |   0.0
            +---------+---------+-------+---------+---------+-------
        D:1 |      56 |       0 |   0.0 |      19 |       0 |   0.0
        D:2 |      21 |       0 |   0.0 |       6 |       0 |   0.0
            +---------+---------+-------+---------+---------+-------
